 Dungeon Crawl Stone Soup version 0.18-a0-946-g3ac5b32 (webtiles) character file.

7 filipzpl the Magician (level 2, 0/22 HPs)
             Began as a Naga Wizard on Dec 29, 2015.
             Slain by a bat (1 damage)
             ... on level 1 of the Dungeon.
             The game lasted 00:00:52 (326 turns).

filipzpl the Magician (Naga Wizard)                  Turns: 326, Time: 00:00:52

Health: 0/22       AC:  1    Str:  9    XL:     2   Next: 4%
Magic:  0/6        EV:  9    Int: 18    God:
Gold:   26         SH:  0    Dex:  9    Spells: 1 memorised, 6 levels left

rFire  . . .     SeeInvis +     (no weapon)
rCold  . . .     Gourm    .     a - +0 robe
rNeg   . . .     Faith    .     (no shield)
rPois  +         Spirit   .     b - +0 hat
rElec  .         Dismiss  .     (no cloak)
rCorr  .         Reflect  .     (no gloves)
SustAt .         Harm     .     (no barding)
MR     .....                    (no amulet)
Stlth  ++........               (no ring)
                                (no ring)

@: very slightly contaminated, very slow, not resistant to hostile enchantments,
unstealthy
A: see invisible, deformed body, poison resistance, slowness 2, slow metabolism
1, spit poison 2, AC +0
a: Spit Poison


You were on level 1 of the Dungeon.
You were not hungry.

You visited 1 branch of the dungeon, and saw 1 of its levels.

You collected 26 gold pieces.

Inventory:

Armour
 a - a +0 robe (worn)
 b - a +0 hat (worn)
Jewellery
 e - an uncursed ring of wizardry {unknown}
Scrolls
 f - a scroll of enchant weapon {unknown}
 g - a scroll of noise {unknown}
Potions
 h - a potion of lignification {unknown}
Books
 c - a book of Minor Magic

   Spells                             Type                      Level
   a - Magic Dart                     Conjuration                  1
   b - Blink                          Translocation                2
   c - Call Imp                       Summoning                    2
   d - Repel Missiles                 Charms/Air                   2
   e - Slow                           Hexes                        2
   f - Conjure Flame                  Conjuration/Fire             3
   g - Mephitic Cloud                 Conjuration/Poison/Air       3
Comestibles
 d - a bread ration


   Skills:
 - Level 1.5 Dodging
 - Level 3.0 Stealth
 * Level 3.2 Spellcasting
 + Level 1.5 Conjurations
   Level 1.0 Summonings
   Level 1.0 Translocations


You had 6 spell levels left.
You knew the following spells:

 Your Spells              Type           Power        Failure   Level  Hunger
a - Magic Dart            Conj           #...         12%         1    None


Dungeon Overview and Level Annotations

Branches:
Dungeon (1/15)

Altars:


Innate Abilities, Weirdness & Mutations

You cannot wear boots.
Your serpentine skin is tough (AC +0).
You have supernaturally acute eyesight.
Armour fits poorly on your strangely shaped body.
Your system is resistant to poisons.
You cover ground very slowly.
You have a slow metabolism.
You can spit poison.


Message History

Casting: Magic Dart
Confirm with . or Enter, or press ? or * to list all spells.
Aiming: Magic Dart
Press: ? - help, Shift-Dir - straight line, f/p - bat
Aim: a bat The magic dart hits the bat.
The bat is severely wounded.
The bat hits you but does no damage. The bat closely misses you.
You are too injured to fight recklessly!
You miss the bat.
The bat is severely wounded.
The bat hits you.
* * * LOW HITPOINT WARNING * * *
The bat completely misses you.
You miss the bat.
The bat is severely wounded.
The bat hits you.
* * * LOW HITPOINT WARNING * * *
The bat hits you.
You die...

........'....b...........
....)...####...#.#######.
.......## ##.##.#
#.....## ####.# ##...##
#)# ##+## #.# #.# #.# #.#
#b# ##.## #@# ##...##
########.#
#.....###........#
..........########
###.####### #.# #.# #.#
#.# ###


You could see a bat.

Vanquished Creatures
  2 giant geckos (D:1)
  A bat (D:1)
  3 goblins (D:1)
6 creatures vanquished.

Notes
Turn   | Place    | Note
--------------------------------------------------------------
     0 | D:1      | filipzpl the Naga Wizard began the quest for the Orb.
     0 | D:1      | Reached XP level 1. HP: 15/15 MP: 4/4
     0 | D:1      | Noticed a tentacled monstrosity
     0 | D:1      | Noticed an orb of fire
     0 | D:1      | Noticed an orb of fire
     2 | D:1      | Noticed an ice dragon
     5 | D:1      | Noticed an iron dragon
    10 | D:1      | Noticed a shadow dragon
    12 | D:1      | Noticed an orb of fire
    12 | D:1      | Noticed an orb of fire
    14 | D:1      | Noticed an ice dragon
    14 | D:1      | Noticed an orb of fire
    17 | D:1      | Noticed a tentacled monstrosity
    17 | D:1      | Noticed an orb of fire
    19 | D:1      | Noticed an orb of fire
    19 | D:1      | Noticed a red draconian
    21 | D:1      | Noticed a tentacled monstrosity
   320 | D:1      | Reached XP level 2. HP: 5/22 MP: 0/6
   326 | D:1      | HP: 1/22 [bat (1)]
   326 | D:1      | Slain by a bat

Vault maps used:
D:1:      shiori_arrival_whats_in_store_for_you

Action                   || total
-------------------------++-------
Melee: Unarmed           ||     5
 Cast: Magic Dart        ||    14
